WCHLSIM.com - West Coast Hockey League
html PUBLIC "-//W3C//DTD XHTML 1.0 Transitional//EN" "http://www.w3.org/TR/xhtml1/DTD/xhtml1-transitional.dtd"> WCHL - Game 705 - COLORADO GLACIERCATS vs UTAH ICE BEARS

COLORADO GLACIERCATS vs UTAH ICE BEARS

Created - 23 janvier 2020 at 17:29

Goals
1 2 3 T
COLORADO GLACIERCATS 1 0 3 4
UTAH ICE BEARS 1 1 0 2
Shots
1 2 3 T
COLORADO GLACIERCATS 10 8 19 37
UTAH ICE BEARS 5 3 3 11

1st period

1. UTAH ICE BEARS , Troy Stecher 6 (Kevin Shattenkirk 14, Al Montoya) at 9:21 (PP)
2. COLORADO GLACIERCATS , Jordan Staal 12 (Mikael Granlund 33, Shea Weber 18) at 18:22 (PP)

Penalties :
Shea Weber (COL) for Holding (Minor) at 8:35, Mason Mitchell (UTA) for Roughing (Minor) at 12:10, Rudolfs Balcers (UTA) for Slashing (Minor) at 14:48, Radim Simek (UTA) for Cross-checking (Minor) at 17:20, Tim Heed (UTA) for Roughing (Minor) at 18:43

2nd period

3. UTAH ICE BEARS , MacKenzie Weegar 1 (Kevin Shattenkirk 15, Andrew Mangiapane 3) at 3:24 (PP)

Penalties :
Jordan Staal (COL) for Goalie Interference (Minor) at 3:11

3rd period

4. COLORADO GLACIERCATS , Magnus Paajarvi-Svensson 8 (Zachary Sanford 6, Daniel Girardi 7) at 12:21
5. COLORADO GLACIERCATS , Patrice Bergeron 25 (Mark Giordano 25, Ryan Ellis 18) at 18:29
6. COLORADO GLACIERCATS , Joe Pavelski 23 (Jordan Staal 14, Mark Giordano 26) at 19:44

Penalties :
Ben Lovejoy (COL) for Goalie Interference (Minor) at 2:47, MacKenzie Weegar (UTA) for Roughing (Minor) at 13:56

Goalie Stats

Pekka Rinne (COL), 9 saves from 11 shots - (0,818), W, 33-10-3, 60:00 minutes
Al Montoya (UTA), 33 saves from 37 shots - (0,892), L, 1-2-0, 60:00 minutes

Players Stats for COLORADO GLACIERCATS

Player Name              G  A  P  +/- PIM S  H  SB GA TA FO     MP     PP MP  PK MP  
------------------------------------------------------------------------------------
Ben Lovejoy              0  0  0   1  2   0  0  0  0  0  0/0    13:51   0:00   0:22 
Brayden Schenn           0  0  0   0  0   5  4  0  0  0  1/1    20:33   4:35   0:00 
Carl Hagelin             0  0  0   1  0   1  0  0  0  0  0/0    15:23   0:00   1:42 
Daniel Girardi           0  1  1   1  0   0  2  0  0  0  0/0    14:44   0:00   1:11 
Jay Beagle               0  0  0   1  0   0  0  0  0  0  2/4     5:19   0:00   0:00 
Joe Pavelski             1  0  1   1  0   5  1  0  0  0  1/2    20:57   4:35   0:00 
John Klingberg           0  0  0   0  0   0  1  0  0  0  0/0    21:07   3:26   0:00 
Jordan Staal             1  1  2   1  2   6  2  0  0  0  13/19  22:00   4:23   1:16 
Lucas Wallmark           0  0  0   0  0   1  0  0  0  0  13/18  14:59   0:00   1:42 
Magnus Paajarvi-Svensson 1  0  1   1  0   1  0  0  0  0  1/1     5:19   0:00   0:00 
Mark Giordano            0  2  2   2  0   2  0  0  0  0  0/0    24:11   5:32   1:49 
Mikael Granlund          0  1  1   1  0   3  0  0  0  0  0/1    17:29   4:23   0:00 
Patrice Bergeron         1  0  1   1  0   7  0  0  0  0  9/12   17:44   4:35   0:00 
Paul Byron               0  0  0   1  0   0  2  0  0  0  0/2    18:45   4:23   1:16 
Ryan Ellis               0  1  1   1  0   1  1  0  0  0  0/0    23:10   5:32   1:09 
Shea Weber               0  1  1   1  2   1  1  0  0  0  0/0    22:55   3:26   1:25 
Zach Aston-Reese         0  0  0   0  0   2  3  0  0  0  1/1    13:17   0:00   0:00 
Zachary Sanford          0  1  1   1  0   2  0  0  0  0  0/0     5:16   0:00   0:00 

Players Stats for UTAH ICE BEARS

Player Name              G  A  P  +/- PIM S  H  SB GA TA FO     MP     PP MP  PK MP  
------------------------------------------------------------------------------------
Adam Mascherin           0  0  0   0  0   1  0  0  0  0  4/7    17:59   1:35   0:00 
Andrew Mangiapane        0  1  1  -1  0   0  0  0  0  0  0/1    13:38   1:23   0:00 
Casey Mittelstadt        0  0  0  -1  0   2  0  0  0  0  1/4    19:34   1:23   4:24 
Dominic Toninato         0  0  0  -1  0   0  0  0  0  0  2/10   15:08   0:00   0:12 
Greg Carey               0  0  0   0  0   0  0  0  0  0  1/3    15:51   1:23   0:00 
Kevin Shattenkirk        0  2  2  -1  0   2  0  1  0  0  0/0    21:59   2:09   3:33 
MacKenzie Weegar         1  0  1   0  2   2  2  3  0  0  0/0    18:58   2:02   3:32 
Mason Mitchell           0  0  0   0  2   0  1  0  0  0  2/7    14:36   0:00   0:00 
Mathieu Olivier          0  0  0  -1  0   0  0  0  0  0  3/8    13:04   1:13   0:00 
Mats Zuccarello          0  0  0  -1  0   2  0  1  0  0  1/1    10:50   0:22   4:34 
Nicholas Paul            0  0  0  -1  0   0  1  0  0  0  5/10   16:31   0:00   4:22 
Radim Simek              0  0  0  -1  2   0  3  1  0  0  0/0    16:05   0:00   1:29 
Rudolfs Balcers          0  0  0  -1  2   0  0  0  0  0  1/9    11:20   0:00   0:00 
T.J. Brodie              0  0  0  -1  0   0  0  3  0  0  0/0    20:57   0:00   5:25 
Tim Heed                 0  0  0  -2  2   1  2  1  0  0  0/0    19:10   0:49   0:00 
Troy Stecher             1  0  1  -1  0   1  0  2  0  0  0/0    20:59   0:56   3:57 
Vladislav Kotkov         0  0  0  -1  0   0  0  0  0  0  0/1    16:48   1:35   0:00 
Zach Hyman               0  0  0  -1  0   0  0  1  0  0  0/0     7:30   0:00   4:24 

3 Stars

1 - Jordan Staal (COL)
2 - Mark Giordano (COL)
3 - Joe Pavelski (COL)

Power Play

COLORADO GLACIERCATS - 1 on 5 Attempt(s) - 20,00%
UTAH ICE BEARS - 2 on 3 Attempt(s) - 66,67%

Penalty Kill

COLORADO GLACIERCATS - 1 on 3 Attempt(s) - 33,33% - Score 0 goal in Penalty Kill
UTAH ICE BEARS - 4 on 5 Attempt(s) - 80,00% - Score 0 goal in Penalty Kill

Team Stat

COLORADO GLACIERCATS - Hits : 17 - Faceoff Wins : 41 - Blocked Shots : 0 - Penalty Minutes : 6
UTAH ICE BEARS - Hits : 9 - Faceoff Wins : 20 - Blocked Shots : 13 - Penalty Minutes : 10

Official

Referees : Ghislain Hebert and Darcy Burchell
Linesman : Joe Ross and Lonnie Cameron

Game Notes

No Game Note

Finance

Level 1 -- Attendance: 7750 (100,00%) -- Ticket Income 875 750 $
Level 2 -- Attendance: 5750 (100,00%) -- Ticket Income 442 750 $
Level 3 -- Attendance: 2500 (100,00%) -- Ticket Income 140 000 $
Level 4 -- Attendance: 5000 (100,00%) -- Ticket Income 180 000 $
Luxury Box -- Attendance: 1000 (100,00%) -- Ticket Income 225 000 $
Total Attendance: 22000 (100,00%)
Total Ticket Income: 1 863 500 $
Other Income: 559 050 $
Total Income: 2 422 550 $

COLORADO GLACIERCATS

5 vs 5 Forward 
   Center                   Left Wing                Right Wing               Time % Phy DF OF 
 1 Patrice Bergeron         Paul Byron               Mikael Granlund          35     0   2  3  
 2 Jordan Staal             Brayden Schenn           Joe Pavelski             35     0   2  3  
 3 Lucas Wallmark           Carl Hagelin             Zach Aston-Reese         25     1   2  2  
 4 Jay Beagle               Zachary Sanford          Magnus Paajarvi-Svensson 5      1   2  2  

5 vs 5 Defense 
   Defense                  Defense                                           Time % Phy DF OF 
 1 Ryan Ellis               Mark Giordano                                     40     1   2  2  
 2 Shea Weber               John Klingberg                                    38     1   2  2  
 3 Ben Lovejoy              Daniel Girardi                                    22     1   2  2  
 4 John Klingberg           Shea Weber                                        0      1   2  2  

PowerPlay Forward 
   Center                   Left Wing                Right Wing               Time % Phy DF OF 
 1 Patrice Bergeron         Brayden Schenn           Joe Pavelski             50     0   1  4  
 2 Jordan Staal             Paul Byron               Mikael Granlund          50     1   1  3  

PowerPlay Defense
   Defense                  Defense                                           Time % Phy DF OF 
 1 Mark Giordano            Ryan Ellis                                        55     0   1  4  
 2 Shea Weber               John Klingberg                                    45     0   0  5  

Penalty Kill 4 Players Forward 
   Center                   Wing                     Time % Phy DF OF 
 1 Lucas Wallmark           Carl Hagelin             50     0   4  1  
 2 Jordan Staal             Paul Byron               50     0   3  2  

Penalty Kill 4 Players Defense
   Defense                  Defense                  Time % Phy DF OF 
 1 Mark Giordano            Shea Weber               55     1   4  0  
 2 Ben Lovejoy              Ryan Ellis               45     1   4  0  

Penalty Kill - 3 Players Forward 
   Forward                                           Time % Phy DF OF 
 1 Patrice Bergeron                                  55     0   5  0  
 2 Joe Pavelski                                      45     0   5  0  

Penalty Kill - 3 Players Defense
   Defense                  Defense                  Time % Phy DF OF 
 1 Mark Giordano            Shea Weber               50     0   5  0  
 2 Ryan Ellis               Ben Lovejoy              50     0   5  0  

4 vs 4 Forward 
   Center                   Wing                     Time % Phy DF OF 
 1 Joe Pavelski             Mikael Granlund          50     0   1  4  
 2 Patrice Bergeron         Brayden Schenn           50     0   1  4  

4 vs 4 Defense
   Defense                  Defense                  Time % Phy DF OF 
 1 Shea Weber               Mark Giordano            50     0   3  2  
 2 John Klingberg           Ryan Ellis               50     0   3  2  

Last Minutes Offensive
   Center                   Left Wing                Right Wing               Defense                  Defense                  
   Patrice Bergeron         Brayden Schenn           Joe Pavelski             John Klingberg           Mark Giordano            

Last Minutes Defensive
   Center                   Left Wing                Right Wing               Defense                  Defense                  
   Jordan Staal             Carl Hagelin             Joe Pavelski             Shea Weber               Mark Giordano            

Goaltenders
Starting : Pekka Rinne              
Backup : David Rittich            

Extra Forwards
Normal : Jordan Staal, Brayden Schenn, Joe Pavelski - PP : Mikael Granlund, Patrice Bergeron - PK : Joe Pavelski
Extra Defensemen
Normal : Mark Giordano, Shea Weber, Ryan Ellis - PP : John Klingberg - PK : Daniel Girardi, John Klingberg
Penalty Shots
Joe Pavelski, Patrice Bergeron, Brayden Schenn, Paul Byron, Jordan Staal
Custom OT Lines Forwards
Joe Pavelski, Patrice Bergeron, Brayden Schenn, Jordan Staal, Mikael Granlund, Carl Hagelin, Paul Byron, Lucas Wallmark, Zach Aston-Reese, Jay Beagle
Custom OT Lines Defensemen
Mark Giordano, Ryan Ellis, Shea Weber, John Klingberg, Ben Lovejoy

Scratches
Artemi Panarin (Torn Right Knee Ligaments Injury), Ilya Lyubushkin (Healthy)

UTAH ICE BEARS

5 vs 5 Forward 
   Center                   Left Wing                Right Wing               Time % Phy DF OF 
 1 Dominic Toninato         Vladislav Kotkov         Adam Mascherin           32     4   1  0  
 2 Mason Mitchell           Casey Mittelstadt        Nicholas Paul            30     4   1  0  
 3 Mathieu Olivier          Vladislav Kotkov         Andrew Mangiapane        24     4   1  0  
 4 Rudolfs Balcers          Greg Carey               Mason Mitchell           14     4   1  0  

5 vs 5 Defense 
   Defense                  Defense                                           Time % Phy DF OF 
 1 Radim Simek              Tim Heed                                          28     4   1  0  
 2 T.J. Brodie              Troy Stecher                                      27     4   1  0  
 3 Kevin Shattenkirk        MacKenzie Weegar                                  24     4   1  0  
 4 Tim Heed                 Kevin Shattenkirk                                 21     4   1  0  

PowerPlay Forward 
   Center                   Left Wing                Right Wing               Time % Phy DF OF 
 1 Adam Mascherin           Vladislav Kotkov         Mathieu Olivier          55     1   3  1  
 2 Greg Carey               Andrew Mangiapane        Casey Mittelstadt        45     1   3  1  

PowerPlay Defense
   Defense                  Defense                                           Time % Phy DF OF 
 1 Tim Heed                 MacKenzie Weegar                                  53     1   3  1  
 2 Kevin Shattenkirk        MacKenzie Weegar                                  47     1   3  1  

Penalty Kill 4 Players Forward 
   Center                   Wing                     Time % Phy DF OF 
 1 Nicholas Paul            Mats Zuccarello          55     5   0  0  
 2 Casey Mittelstadt        Zach Hyman               45     5   0  0  

Penalty Kill 4 Players Defense
   Defense                  Defense                  Time % Phy DF OF 
 1 MacKenzie Weegar         T.J. Brodie              55     2   0  3  
 2 Troy Stecher             Kevin Shattenkirk        45     2   0  3  

Penalty Kill - 3 Players Forward 
   Forward                                           Time % Phy DF OF 
 1 Greg Carey                                        55     4   1  0  
 2 Nicholas Paul                                     45     4   1  0  

Penalty Kill - 3 Players Defense
   Defense                  Defense                  Time % Phy DF OF 
 1 MacKenzie Weegar         Troy Stecher             55     4   1  0  
 2 Kevin Shattenkirk        Troy Stecher             45     4   1  0  

4 vs 4 Forward 
   Center                   Wing                     Time % Phy DF OF 
 1 Mathieu Olivier          Andrew Mangiapane        50     4   1  0  
 2 Mason Mitchell           Vladislav Kotkov         50     3   1  0  

4 vs 4 Defense
   Defense                  Defense                  Time % Phy DF OF 
 1 Kevin Shattenkirk        T.J. Brodie              55     4   1  0  
 2 Troy Stecher             MacKenzie Weegar         45     4   1  0  

Last Minutes Offensive
   Center                   Left Wing                Right Wing               Defense                  Defense                  
   Dominic Toninato         Adam Mascherin           Mathieu Olivier          Tim Heed                 T.J. Brodie              

Last Minutes Defensive
   Center                   Left Wing                Right Wing               Defense                  Defense                  
   Dominic Toninato         Adam Mascherin           Greg Carey               Tim Heed                 T.J. Brodie              

Goaltenders
Starting : Al Montoya               
Backup : Mitch Gillam             

Extra Forwards
Normal : Vladislav Kotkov, Greg Carey, Mason Mitchell - PP : Greg Carey, Casey Mittelstadt - PK : Dominic Toninato
Extra Defensemen
Normal : Troy Stecher, Kevin Shattenkirk, Tim Heed - PP : Troy Stecher - PK : Troy Stecher, T.J. Brodie
Penalty Shots
Mathieu Olivier, Vladislav Kotkov, Dominic Toninato, Andrew Mangiapane, Greg Carey
Custom OT Lines Forwards
Adam Mascherin, Mathieu Olivier, Vladislav Kotkov, Dominic Toninato, Greg Carey, Nicholas Paul, Andrew Mangiapane, Casey Mittelstadt, Mason Mitchell, Zach Hyman
Custom OT Lines Defensemen
Tim Heed, MacKenzie Weegar, Kevin Shattenkirk, T.J. Brodie, Troy Stecher

Scratches
Artem Anisimov (Healthy), Alex Galchenyuk (Healthy), Blake Lizotte (Right Knee Injury), Brandon Pirri (Healthy), Daniel Audette (Healthy)
Evan Polei (Healthy), Dustin Byfuglien (Torn Right ACL Injury), Giorgio Estephan (Healthy), Jake Guentzel (Healthy), Brock Nelson (Healthy)
Ben Bishop (Healthy)

% Time on Ice - COLORADO GLACIERCATS

Lines # - Real PCT - Wanted PCT - Time Play
Normal Forward
1 - 28% - 35% - 13:06
2 - 34% - 35% - 15:58
3 - 28% - 25% - 13:17
4 - 11% - 5% - 5:16
Normal Defense
1 - 35% - 40% - 16:26
2 - 37% - 38% - 17:41
3 - 28% - 22% - 13:30
4 - 0% - 0% - 0:00
PP Forward
1 - 51% - 50% - 4:35
2 - 49% - 50% - 4:23
PP Defense
1 - 62% - 55% - 5:32
2 - 38% - 45% - 3:26
PK Forward
1 - 57% - 50% - 1:42
2 - 43% - 50% - 1:16
PK Defense
1 - 61% - 55% - 1:49
2 - 39% - 45% - 1:09
PK3 Forward
1 - 0% - 55%
2 - 0% - 45%
PK3 Defense
1 - 0% - 50%
2 - 0% - 50%
44 Forward
1 - 0% - 50%
2 - 0% - 50%
44 Defense
1 - 0% - 50%
2 - 0% - 50%
Last Minute Offensive  - 0:00
Last Minute Defensive  - 0:27
Total
Forward - 60:00
Defense - 60:00

% Time on Ice - UTAH ICE BEARS

Lines # - Real PCT - Wanted PCT - Time Play
Normal Forward
1 - 25% - 32% - 11:58
2 - 28% - 30% - 13:16
3 - 25% - 24% - 11:51
4 - 23% - 14% - 10:59
Normal Defense
1 - 25% - 28% - 12:14
2 - 36% - 27% - 17:27
3 - 24% - 24% - 11:41
4 - 14% - 21% - 6:42
PP Forward
1 - 53% - 55% - 1:35
2 - 47% - 45% - 1:23
PP Defense
1 - 28% - 53% - 0:49
2 - 72% - 47% - 2:09
PK Forward
1 - 51% - 55% - 4:34
2 - 49% - 45% - 4:24
PK Defense
1 - 60% - 55% - 5:25
2 - 40% - 45% - 3:33
PK3 Forward
1 - 0% - 55%
2 - 0% - 45%
PK3 Defense
1 - 0% - 55%
2 - 0% - 45%
44 Forward
1 - 0% - 50%
2 - 0% - 50%
44 Defense
1 - 0% - 55%
2 - 0% - 45%
Last Minute Offensive  - 0:00
Last Minute Defensive  - 0:00
Total
Forward - 60:00
Defense - 60:00

Play-by-Play

1st period


0:01 of 1st period - Dominic Toninato wins face-off versus Paul Byron in neutral zone.
0:21 of 1st period - Shot by Patrice Bergeron.
0:21 of 1st period - Shot Misses the Net.
0:23 of 1st period - Shot by Ryan Ellis.
0:23 of 1st period - Deflect By Patrice Bergeron.
0:23 of 1st period - Stopped by Al Montoya with a rebound.
1:07 of 1st period - Shot by Brayden Schenn.
1:07 of 1st period - Shot Blocked by Radim Simek.
1:09 of 1st period - Shot by Brayden Schenn.
1:09 of 1st period - Stopped by Al Montoya with a rebound.
1:23 of 1st period - Shot by Joe Pavelski.
1:23 of 1st period - Shot Misses the Net.
1:50 of 1st period - Radim Simek is hit by Daniel Girardi and loses puck.
2:11 of 1st period - Shot by Casey Mittelstadt.
2:11 of 1st period - Stopped by Pekka Rinne without a rebound.
2:12 of 1st period - Jay Beagle wins face-off versus Rudolfs Balcers in COLORADO GLACIERCATS zone.
2:32 of 1st period - Icing by Kevin Shattenkirk.
2:33 of 1st period - Lucas Wallmark wins face-off versus Rudolfs Balcers in UTAH ICE BEARS zone.
3:16 of 1st period - Shot by Casey Mittelstadt.
3:16 of 1st period - Stopped by Pekka Rinne without a rebound.
3:17 of 1st period - Patrice Bergeron wins face-off versus Andrew Mangiapane in COLORADO GLACIERCATS zone.
3:40 of 1st period - Shot by Mikael Granlund.
3:40 of 1st period - Stopped by Al Montoya with a rebound.
3:42 of 1st period - Shot by Patrice Bergeron.
3:42 of 1st period - Shot Blocked by Troy Stecher.
4:50 of 1st period - Shot by Brayden Schenn.
4:50 of 1st period - Shot Blocked by MacKenzie Weegar.
4:52 of 1st period - Shot by Jordan Staal.
4:52 of 1st period - Stopped by Al Montoya without a rebound.
4:53 of 1st period - Lucas Wallmark wins face-off versus Dominic Toninato in UTAH ICE BEARS zone.
5:00 of 1st period - Shot by Carl Hagelin.
5:00 of 1st period - Stopped by Al Montoya with a rebound.
5:21 of 1st period - Shot by Zach Aston-Reese.
5:21 of 1st period - Shot Misses the Net.
5:29 of 1st period - Shot by Lucas Wallmark.
5:29 of 1st period - Shot Blocked by Kevin Shattenkirk.
6:05 of 1st period - Icing by T.J. Brodie.
6:06 of 1st period - Jordan Staal wins face-off versus Mason Mitchell in UTAH ICE BEARS zone.
6:37 of 1st period - Troy Stecher is hit by Brayden Schenn and loses puck.
7:36 of 1st period - Kevin Shattenkirk is hit by Paul Byron and loses puck.
8:35 of 1st period - Minor Penalty to Shea Weber for Holding.
8:36 of 1st period - Mats Zuccarello wins face-off versus Lucas Wallmark in COLORADO GLACIERCATS zone.
8:37 of 1st period - Shot by Kevin Shattenkirk.
8:37 of 1st period - Stopped by Pekka Rinne without a rebound.
8:38 of 1st period - Lucas Wallmark wins face-off versus Adam Mascherin in COLORADO GLACIERCATS zone.
8:57 of 1st period - Shot by Kevin Shattenkirk.
8:57 of 1st period - Deflect By Mats Zuccarello.
8:57 of 1st period - Stopped by Pekka Rinne without a rebound.
8:58 of 1st period - Mathieu Olivier wins face-off versus Jordan Staal in COLORADO GLACIERCATS zone.
9:19 of 1st period - Shot by Kevin Shattenkirk.
9:19 of 1st period - Shot Misses the Net.
9:21 of 1st period - Shot by Troy Stecher.
9:21 of 1st period - Goal by Troy Stecher - COLORADO GLACIERCATS : 0 - UTAH ICE BEARS : 1.
9:22 of 1st period - Jordan Staal wins face-off versus Rudolfs Balcers in neutral zone.
9:31 of 1st period - Shot by Joe Pavelski.
9:31 of 1st period - Deflect By Brayden Schenn.
9:31 of 1st period - Shot Misses the Net.
10:26 of 1st period - Casey Mittelstadt is hit by John Klingberg and loses puck.
10:34 of 1st period - Casey Mittelstadt is hit by Shea Weber and loses puck.
10:46 of 1st period - Off-side.
10:47 of 1st period - Mathieu Olivier wins face-off versus Patrice Bergeron in neutral zone.
11:47 of 1st period - Icing by Rudolfs Balcers.
11:48 of 1st period - Rudolfs Balcers wins face-off versus Lucas Wallmark in UTAH ICE BEARS zone.
12:03 of 1st period - Shot by Rudolfs Balcers.
12:03 of 1st period - Shot Misses the Net.
12:10 of 1st period - Minor Penalty to Mason Mitchell for Roughing.
12:11 of 1st period - Patrice Bergeron wins face-off versus Nicholas Paul in UTAH ICE BEARS zone.
13:01 of 1st period - Jordan Staal is hit by Nicholas Paul.
13:28 of 1st period - Zach Hyman is hit by Ryan Ellis and loses puck.
14:48 of 1st period - Minor Penalty to Rudolfs Balcers for Slashing.
14:49 of 1st period - Nicholas Paul wins face-off versus Patrice Bergeron in UTAH ICE BEARS zone.
15:17 of 1st period - Joe Pavelski is hit by MacKenzie Weegar and loses puck.
15:56 of 1st period - Shot by Ryan Ellis.
15:56 of 1st period - Stopped by Al Montoya without a rebound.
15:57 of 1st period - Jordan Staal wins face-off versus Casey Mittelstadt in UTAH ICE BEARS zone.
16:04 of 1st period - Shot by Mark Giordano.
16:04 of 1st period - Stopped by Al Montoya without a rebound.
16:05 of 1st period - Jordan Staal wins face-off versus Casey Mittelstadt in UTAH ICE BEARS zone.
16:15 of 1st period - Icing by Ryan Ellis.
16:16 of 1st period - Jordan Staal wins face-off versus Nicholas Paul in COLORADO GLACIERCATS zone.
16:18 of 1st period - Icing by Mark Giordano.
16:19 of 1st period - Nicholas Paul wins face-off versus Jordan Staal in COLORADO GLACIERCATS zone.
16:57 of 1st period - Icing by Radim Simek.
16:58 of 1st period - Jay Beagle wins face-off versus Dominic Toninato in UTAH ICE BEARS zone.
16:58 of 1st period - Jay Beagle is hit by Radim Simek.
17:19 of 1st period - Shea Weber is hit by Radim Simek and loses puck.
17:20 of 1st period - Minor Penalty to Radim Simek for Cross-checking.
17:21 of 1st period - Patrice Bergeron wins face-off versus Nicholas Paul in UTAH ICE BEARS zone.
18:04 of 1st period - Shot by Brayden Schenn.
18:04 of 1st period - Stopped by Al Montoya without a rebound.
18:05 of 1st period - Casey Mittelstadt wins face-off versus Jordan Staal in UTAH ICE BEARS zone.
18:22 of 1st period - Shot by Jordan Staal.
18:22 of 1st period - Goal by Jordan Staal - COLORADO GLACIERCATS : 1 - UTAH ICE BEARS : 1.
18:23 of 1st period - Lucas Wallmark wins face-off versus Dominic Toninato in neutral zone.
18:40 of 1st period - Shot by Lucas Wallmark.
18:40 of 1st period - Deflect By Zach Aston-Reese.
18:40 of 1st period - Shot Misses the Net.
18:43 of 1st period - Minor Penalty to Tim Heed for Roughing.
18:44 of 1st period - Nicholas Paul wins face-off versus Mikael Granlund in UTAH ICE BEARS zone.
18:44 of 1st period - Nicholas Paul is hit by Paul Byron.
19:51 of 1st period - Shot by Brayden Schenn.
19:51 of 1st period - Shot Misses the Net.
19:59 of 1st period - Shot by Joe Pavelski.
19:59 of 1st period - Stopped by Al Montoya without a rebound.
Goals for this period are 1 for COLORADO GLACIERCATS vs 1 for UTAH ICE BEARS.
Shots for this period are 10 for COLORADO GLACIERCATS vs 5 for UTAH ICE BEARS.

2nd period


0:01 of 2nd period - Nicholas Paul wins face-off versus Patrice Bergeron in neutral zone.
0:43 of 2nd period - Shot by Joe Pavelski.
0:43 of 2nd period - Deflect By Zach Aston-Reese.
0:43 of 2nd period - Stopped by Al Montoya with a rebound.
0:45 of 2nd period - Shot by Shea Weber.
0:45 of 2nd period - Stopped by Al Montoya without a rebound.
0:46 of 2nd period - Lucas Wallmark wins face-off versus Dominic Toninato in UTAH ICE BEARS zone.
1:21 of 2nd period - Shot by Kevin Shattenkirk.
1:21 of 2nd period - Shot Misses the Net.
2:12 of 2nd period - Shot by Zachary Sanford.
2:12 of 2nd period - Stopped by Al Montoya with a rebound.
2:15 of 2nd period - Icing by Troy Stecher.
2:16 of 2nd period - Patrice Bergeron wins face-off versus Mason Mitchell in UTAH ICE BEARS zone.
3:11 of 2nd period - Minor Penalty to Jordan Staal for Goalie Interference.
3:12 of 2nd period - Greg Carey wins face-off versus Lucas Wallmark in COLORADO GLACIERCATS zone.
3:22 of 2nd period - Shot by Kevin Shattenkirk.
3:22 of 2nd period - Stopped by Pekka Rinne with a rebound.
3:24 of 2nd period - Shot by MacKenzie Weegar.
3:24 of 2nd period - Goal by MacKenzie Weegar - COLORADO GLACIERCATS : 1 - UTAH ICE BEARS : 2.
3:25 of 2nd period - Jordan Staal wins face-off versus Rudolfs Balcers in neutral zone.
3:43 of 2nd period - Shot by Joe Pavelski.
3:43 of 2nd period - Stopped by Al Montoya without a rebound.
3:44 of 2nd period - Dominic Toninato wins face-off versus Lucas Wallmark in UTAH ICE BEARS zone.
3:44 of 2nd period - Dominic Toninato is hit by Zach Aston-Reese.
4:03 of 2nd period - Shot by Lucas Wallmark.
4:03 of 2nd period - Shot Misses the Net.
4:08 of 2nd period - Off-side.
4:09 of 2nd period - Mason Mitchell wins face-off versus Jordan Staal in neutral zone.
4:09 of 2nd period - Mason Mitchell is hit by Brayden Schenn.
4:43 of 2nd period - MacKenzie Weegar is hit by Jordan Staal and loses puck.
4:52 of 2nd period - Shot by Jordan Staal.
4:52 of 2nd period - Shot Misses the Net.
5:43 of 2nd period - Icing by T.J. Brodie.
5:44 of 2nd period - Lucas Wallmark wins face-off versus Mathieu Olivier in UTAH ICE BEARS zone.
5:50 of 2nd period - Andrew Mangiapane is hit by Zach Aston-Reese and loses puck.
6:04 of 2nd period - Icing by Ben Lovejoy.
6:05 of 2nd period - Lucas Wallmark wins face-off versus Dominic Toninato in COLORADO GLACIERCATS zone.
7:28 of 2nd period - Off-side.
7:29 of 2nd period - Brayden Schenn wins face-off versus Mason Mitchell in neutral zone.
7:32 of 2nd period - T.J. Brodie is hit by Brayden Schenn and loses puck.
7:48 of 2nd period - Icing by Ryan Ellis.
7:49 of 2nd period - Jordan Staal wins face-off versus Rudolfs Balcers in COLORADO GLACIERCATS zone.
8:10 of 2nd period - Icing by MacKenzie Weegar.
8:11 of 2nd period - Lucas Wallmark wins face-off versus Rudolfs Balcers in UTAH ICE BEARS zone.
9:05 of 2nd period - Shot by Troy Stecher.
9:05 of 2nd period - Shot Misses the Net.
9:12 of 2nd period - Icing by John Klingberg.
9:13 of 2nd period - Lucas Wallmark wins face-off versus Mathieu Olivier in COLORADO GLACIERCATS zone.
9:52 of 2nd period - Shot by Patrice Bergeron.
9:52 of 2nd period - Deflect By Mikael Granlund.
9:52 of 2nd period - Shot Misses the Net.
9:54 of 2nd period - Shot by Paul Byron.
9:54 of 2nd period - Deflect By Patrice Bergeron.
9:54 of 2nd period - Stopped by Al Montoya with a rebound.
10:19 of 2nd period - Kevin Shattenkirk is hit by Joe Pavelski and loses puck.
14:05 of 2nd period - Shot by Jordan Staal.
14:05 of 2nd period - Shot Blocked by MacKenzie Weegar.
14:17 of 2nd period - Icing by Brayden Schenn.
14:18 of 2nd period - Joe Pavelski wins face-off versus Rudolfs Balcers in COLORADO GLACIERCATS zone.
15:47 of 2nd period - Shot by Casey Mittelstadt.
15:47 of 2nd period - Shot Misses the Net.
16:28 of 2nd period - Shot by Mats Zuccarello.
16:28 of 2nd period - Stopped by Pekka Rinne with a rebound.
17:15 of 2nd period - Icing by Ben Lovejoy.
17:16 of 2nd period - Lucas Wallmark wins face-off versus Vladislav Kotkov in COLORADO GLACIERCATS zone.
17:36 of 2nd period - Shot by Zach Aston-Reese.
17:36 of 2nd period - Stopped by Al Montoya without a rebound.
17:37 of 2nd period - Adam Mascherin wins face-off versus Jay Beagle in UTAH ICE BEARS zone.
18:37 of 2nd period - Icing by Ben Lovejoy.
18:38 of 2nd period - Zach Aston-Reese wins face-off versus Mathieu Olivier in COLORADO GLACIERCATS zone.
18:43 of 2nd period - MacKenzie Weegar is hit by Zach Aston-Reese.
18:55 of 2nd period - Shot by Ben Lovejoy.
18:55 of 2nd period - Shot Misses the Net.
19:27 of 2nd period - Shot by Patrice Bergeron.
19:27 of 2nd period - Stopped by Al Montoya without a rebound.
19:28 of 2nd period - Jordan Staal wins face-off versus Dominic Toninato in UTAH ICE BEARS zone.
19:55 of 2nd period - Shot by Jordan Staal.
19:55 of 2nd period - Shot Misses the Net.
19:59 of 2nd period - Shot by Brayden Schenn.
19:59 of 2nd period - Stopped by Al Montoya without a rebound.
Goals for this period are 0 for COLORADO GLACIERCATS vs 1 for UTAH ICE BEARS.
Shots for this period are 8 for COLORADO GLACIERCATS vs 3 for UTAH ICE BEARS.

3rd period


0:01 of 3rd period - Patrice Bergeron wins face-off versus Dominic Toninato in neutral zone.
0:24 of 3rd period - Shot by Patrice Bergeron.
0:24 of 3rd period - Stopped by Al Montoya without a rebound.
0:25 of 3rd period - Mason Mitchell wins face-off versus Joe Pavelski in UTAH ICE BEARS zone.
0:44 of 3rd period - Shot by Jordan Staal.
0:44 of 3rd period - Shot Misses the Net.
0:46 of 3rd period - Shot by Jordan Staal.
0:46 of 3rd period - Stopped by Al Montoya with a rebound.
0:48 of 3rd period - Shot by Shea Weber.
0:48 of 3rd period - Deflect By Joe Pavelski.
0:48 of 3rd period - Shot Misses the Net.
1:11 of 3rd period - Shot by Joe Pavelski.
1:11 of 3rd period - Stopped by Al Montoya with a rebound.
1:23 of 3rd period - Shot by Patrice Bergeron.
1:23 of 3rd period - Stopped by Al Montoya with a rebound.
2:21 of 3rd period - Off-side.
2:22 of 3rd period - Mathieu Olivier wins face-off versus Jay Beagle in neutral zone.
2:24 of 3rd period - T.J. Brodie is hit by Daniel Girardi and loses puck.
2:47 of 3rd period - Minor Penalty to Ben Lovejoy for Goalie Interference.
2:48 of 3rd period - Lucas Wallmark wins face-off versus Adam Mascherin in COLORADO GLACIERCATS zone.
3:05 of 3rd period - Shot by Lucas Wallmark.
3:05 of 3rd period - Stopped by Al Montoya without a rebound.
3:06 of 3rd period - Jordan Staal wins face-off versus Greg Carey in UTAH ICE BEARS zone.
3:37 of 3rd period - Off-side.
3:38 of 3rd period - Adam Mascherin wins face-off versus Lucas Wallmark in neutral zone.
3:41 of 3rd period - Shot by MacKenzie Weegar.
3:41 of 3rd period - Shot Misses the Net.
3:43 of 3rd period - Shot by Tim Heed.
3:43 of 3rd period - Stopped by Pekka Rinne with a rebound.
3:45 of 3rd period - Shot by MacKenzie Weegar.
3:45 of 3rd period - Stopped by Pekka Rinne without a rebound.
3:46 of 3rd period - Adam Mascherin wins face-off versus Paul Byron in COLORADO GLACIERCATS zone.
3:47 of 3rd period - Shot by MacKenzie Weegar.
3:47 of 3rd period - Deflect By Adam Mascherin.
3:47 of 3rd period - Stopped by Pekka Rinne without a rebound.
3:48 of 3rd period - Adam Mascherin wins face-off versus Jordan Staal in COLORADO GLACIERCATS zone.
4:08 of 3rd period - Off-side.
4:09 of 3rd period - Jordan Staal wins face-off versus Greg Carey in neutral zone.
5:02 of 3rd period - Magnus Paajarvi-Svensson is hit by Radim Simek and loses puck.
5:18 of 3rd period - Jay Beagle is hit by Tim Heed and loses puck.
7:49 of 3rd period - Icing by Kevin Shattenkirk.
7:50 of 3rd period - Magnus Paajarvi-Svensson wins face-off versus Mathieu Olivier in UTAH ICE BEARS zone.
8:15 of 3rd period - Shot by Magnus Paajarvi-Svensson.
8:15 of 3rd period - Shot Misses the Net.
8:58 of 3rd period - Mats Zuccarello is hit by Jordan Staal and loses puck.
9:11 of 3rd period - Shot by Jordan Staal.
9:11 of 3rd period - Shot Misses the Net.
9:13 of 3rd period - Shot by Joe Pavelski.
9:13 of 3rd period - Shot Blocked by Mats Zuccarello.
9:29 of 3rd period - Shot by Brayden Schenn.
9:29 of 3rd period - Stopped by Al Montoya without a rebound.
9:30 of 3rd period - Patrice Bergeron wins face-off versus Adam Mascherin in UTAH ICE BEARS zone.
10:05 of 3rd period - Shot by Mikael Granlund.
10:05 of 3rd period - Stopped by Al Montoya with a rebound.
10:37 of 3rd period - Troy Stecher is hit by Brayden Schenn and loses puck.
12:15 of 3rd period - Shot by Zachary Sanford.
12:15 of 3rd period - Stopped by Al Montoya with a rebound.
12:17 of 3rd period - Shot by Daniel Girardi.
12:17 of 3rd period - Shot Misses the Net.
12:19 of 3rd period - Shot by Zachary Sanford.
12:19 of 3rd period - Shot Blocked by Tim Heed.
12:21 of 3rd period - Shot by Magnus Paajarvi-Svensson.
12:21 of 3rd period - Goal by Magnus Paajarvi-Svensson - COLORADO GLACIERCATS : 2 - UTAH ICE BEARS : 2.
12:22 of 3rd period - Patrice Bergeron wins face-off versus Mathieu Olivier in neutral zone.
13:22 of 3rd period - Off-side.
13:23 of 3rd period - Lucas Wallmark wins face-off versus Mason Mitchell in neutral zone.
13:23 of 3rd period - Lucas Wallmark is hit by Mason Mitchell.
13:36 of 3rd period - Zach Aston-Reese is hit by MacKenzie Weegar and loses puck.
13:47 of 3rd period - Icing by Kevin Shattenkirk.
13:48 of 3rd period - Jordan Staal wins face-off versus Mason Mitchell in UTAH ICE BEARS zone.
13:51 of 3rd period - Shot by Brayden Schenn.
13:51 of 3rd period - Shot Hit the Post.
13:53 of 3rd period - Shot by Brayden Schenn.
13:53 of 3rd period - Shot Blocked by MacKenzie Weegar.
13:55 of 3rd period - Shot by Brayden Schenn.
13:55 of 3rd period - Shot Hit the Post.
13:56 of 3rd period - Minor Penalty to MacKenzie Weegar for Roughing.
13:57 of 3rd period - Nicholas Paul wins face-off versus Jordan Staal in UTAH ICE BEARS zone.
14:22 of 3rd period - Shot by Mark Giordano.
14:22 of 3rd period - Shot Misses the Net.
14:24 of 3rd period - Shot by Mark Giordano.
14:24 of 3rd period - Stopped by Al Montoya with a rebound.
14:26 of 3rd period - Shot by Jordan Staal.
14:26 of 3rd period - Stopped by Al Montoya without a rebound.
14:27 of 3rd period - Patrice Bergeron wins face-off versus Casey Mittelstadt in UTAH ICE BEARS zone.
14:39 of 3rd period - Shot by Brayden Schenn.
14:39 of 3rd period - Shot Misses the Net.
15:01 of 3rd period - Shot by Patrice Bergeron.
15:01 of 3rd period - Shot Misses the Net.
15:35 of 3rd period - Shot by Mikael Granlund.
15:35 of 3rd period - Stopped by Al Montoya with a rebound.
15:37 of 3rd period - Shot by Mark Giordano.
15:37 of 3rd period - Shot Blocked by Zach Hyman.
15:39 of 3rd period - Shot by Mark Giordano.
15:39 of 3rd period - Shot Blocked by T.J. Brodie.
15:41 of 3rd period - Shot by Ryan Ellis.
15:41 of 3rd period - Shot Misses the Net.
15:43 of 3rd period - Shot by Jordan Staal.
15:43 of 3rd period - Stopped by Al Montoya without a rebound.
15:44 of 3rd period - Jordan Staal wins face-off versus Nicholas Paul in UTAH ICE BEARS zone.
15:45 of 3rd period - Shot by Ryan Ellis.
15:45 of 3rd period - Shot Misses the Net.
17:05 of 3rd period - Shot by Jordan Staal.
17:05 of 3rd period - Shot Blocked by Troy Stecher.
17:07 of 3rd period - Shot by Brayden Schenn.
17:07 of 3rd period - Stopped by Al Montoya with a rebound.
17:45 of 3rd period - Joe Pavelski is hit by Tim Heed and loses puck.
18:25 of 3rd period - Shot by Patrice Bergeron.
18:25 of 3rd period - Stopped by Al Montoya with a rebound.
18:27 of 3rd period - Shot by Mark Giordano.
18:27 of 3rd period - Shot Misses the Net.
18:29 of 3rd period - Shot by Patrice Bergeron.
18:29 of 3rd period - Goal by Patrice Bergeron - COLORADO GLACIERCATS : 3 - UTAH ICE BEARS : 2.
18:30 of 3rd period - Lucas Wallmark wins face-off versus Dominic Toninato in neutral zone.
19:01 of 3rd period - Shot by Mark Giordano.
19:01 of 3rd period - Shot Blocked by T.J. Brodie.
19:03 of 3rd period - Shot by Ryan Ellis.
19:03 of 3rd period - Shot Misses the Net.
19:20 of 3rd period - Icing by T.J. Brodie.
19:21 of 3rd period - Jordan Staal wins face-off versus Nicholas Paul in UTAH ICE BEARS zone.
19:34 of 3rd period - Shot by Mark Giordano.
19:34 of 3rd period - Shot Blocked by T.J. Brodie.
19:36 of 3rd period - Shot by Jordan Staal.
19:36 of 3rd period - Stopped by Al Montoya with a rebound.
19:38 of 3rd period - Shot by Mark Giordano.
19:38 of 3rd period - Shot Misses the Net.
19:40 of 3rd period - Shot by Joe Pavelski.
19:40 of 3rd period - Stopped by Al Montoya with a rebound.
19:42 of 3rd period - Shot by Jordan Staal.
19:42 of 3rd period - Shot Hit the Post.
19:44 of 3rd period - Shot by Joe Pavelski.
19:44 of 3rd period - Goal by Joe Pavelski - COLORADO GLACIERCATS : 4 - UTAH ICE BEARS : 2.
19:45 of 3rd period - Patrice Bergeron wins face-off versus Rudolfs Balcers in neutral zone.
Goals for this period are 3 for COLORADO GLACIERCATS vs 0 for UTAH ICE BEARS.
Shots for this period are 19 for COLORADO GLACIERCATS vs 3 for UTAH ICE BEARS.


SEBASTIAN
AHO
MARK
SCHEIFELE
JAKE
OETTINGER

EAST COAST

HOCKEY LEAGUE

  • 17.QUE3CHI2
  • 18.CHA2LIM4
  • 19.TRV3LON2
  • 20.CHW1BAL2
  • 21.PITMAN
  • 22.ATLNHW
  • 23.WORPET
  • 24.RHI